AoeStats
← Talvi

Arena

504750184Analyzed
2v2 RM · 25d ago on Sep 6, 2026· 42m 39s· 4 players
Game mode
Random Map
Map size
Medium (4 player)
Population
200
Speed
Normal
Resources
Standard
Victory
Conquest
Starting age
Dark Age
Ending age
Imperial Age
RankedLock teamsTeams togetherTeam positionsShared explorationLock speedFull tech treeHidden civsTurbo modeCheats
Victory
Defeat
🇹🇷 Khmer · Türkiye
763
+16
🇹🇷 Magyars · Türkiye
757
+16
🇬🇧 Britons · United Kingdom
787
-17
🇩🇪 Khmer · Germany
729
-15
burakack
10:00 Feudal Age
10:34 Double-Bit Axe
17:18 Castle Age
15:32 Horse Collar
16:22 Stone Mining
18:54 Bow Saw
23:57 Heavy Plow
26:27 Corvinian Army
28:42 Scale Barding Armor
28:24 Loom
29:14 Wheelbarrow
28:25 Town Watch
29:58 Chain Barding Armor
30:40 Gold Mining
30:53 Husbandry
31:05 Bloodlines
35:27 Imperial Age
33:13 Hand Cart
36:36 Conscription
37:19 Elite Magyar Huszar
EmirBagtas
11:12 Feudal Age
11:37 Double-Bit Axe
11:39 Horse Collar
16:36 Castle Age
15:15 Stone Mining
16:27 Gold Mining
17:27 Bow Saw
18:11 Heavy Plow
22:56 Gold Shaft Mining
23:24 Caravan
25:16 Wheelbarrow
27:35 Elite Skirmisher
29:01 Stone Shaft Mining
33:53 Imperial Age
31:47 Ballistics
32:37 Hand Cart
32:10 Loom
35:05 Crop Rotation
35:06 Conscription
35:00 Double Crossbow
34:32 Heavy Scorpion
36:58 Chemistry
38:08 Siege Engineers
37:59 Elite Ballista Elephant
djd1993
11:59 Feudal Age
13:00 Double-Bit Axe
18:22 Castle Age
18:34 Horse Collar
22:40 Bow Saw
23:44 Fletching
23:56 Padded Archer Armor
25:13 Ballistics
25:22 Bodkin Arrow
27:02 Wheelbarrow
27:03 Yeomen
28:02 Hand Cart
28:53 Leather Archer Armor
30:13 Gold Mining
32:20 Forging
36:47 Imperial Age
34:53 Heavy Plow
35:38 Gold Shaft Mining
35:57 Murder Holes
36:15 Masonry
35:52 Man-at-Arms
37:35 Bracer
36:58 Long Swordsman
38:43 Chemistry
38:07 Conscription
40:41 Two-Man Saw
39:10 Two-Handed Swordsman
40:29 Iron Casting
39:56 Scale Mail Armor
40:37 Champion
Talvi
3:33 Loom
13:51 Feudal Age
15:14 Wheelbarrow
14:25 Town Watch
14:31 Double-Bit Axe
14:35 Horse Collar
14:48 Gold Mining
16:20 Stone Mining
20:42 Castle Age
20:00 Forging
19:46 Fletching
19:58 Scale Mail Armor
20:41 Scale Barding Armor
21:26 Husbandry
21:37 Bloodlines
21:46 Bow Saw
23:40 Iron Casting
23:02 Bodkin Arrow
24:36 Gold Shaft Mining
24:49 Stone Shaft Mining
25:58 Hand Cart
26:22 Heavy Plow
30:20 Town Patrol
31:59 Caravan
33:33 Tusk Swords
34:57 Murder Holes
35:23 Ballistics
35:52 Masonry
39:27 Imperial Age
41:14 Chemistry
40:38 Conscription
Connection lost

Rejoining the realm…

Still unreachable

The connection could not be restored.

Session expired

The server has moved on; the page needs a fresh start.